 Dungeon Crawl Stone Soup version 0.28-a0-48-gfd831c5874 (webtiles) character file.

Game seed: 17778384577189545190

164 zazu2006 the Magician (level 5, -5/43 HPs)
             Began as a Naga Hedge Wizard on July 29, 2021.
             Slain by an ogre (20 damage)
             ... on level 4 of the Dungeon.
             The game lasted 00:06:07 (4380 turns).

zazu2006 the Magician (Naga Hedge Wizard)           Turns: 4380, Time: 00:06:08

Health: -5/43      AC:  4    Str: 13    XL:     5   Next: 45%
Magic:  0/11       EV: 10    Int: 15    God:
Gold:   80         SH:  0    Dex: 10    Spells: 3/12 levels left

rFire   . . .      SeeInvis +   q - +2 dagger (venom)
rCold   . . .      Faith    .   (no shield)
rNeg    . . .      Spirit   .   b - +0 robe
rPois   +          Reflect  .   c - +0 hat
rElec   .          Harm     .   m - +0 cloak
rCorr   .          Rampage  .   f - +0 pair of gloves
Will    .....                   (no barding)
Stlth   ++........              (no amulet)
HPRegen 0.14/turn               (no ring)
MPRegen 0.12/turn               (no ring)

@: very slightly contaminated, very slow
A: AC +1, large, see invisible, deformed body, poison resistance, slowness 2,
spit poison 1, naga tail 1
a: Spit Poison


You were on level 4 of the Dungeon.
You visited 1 branch of the dungeon, and saw 4 of its levels.

You collected 80 gold pieces.

Inventory:

Hand Weapons
 q - a +2 dagger of venom (weapon)
Armour
 b - a +0 robe (worn)
 c - a +0 hat (worn)
 f - a +0 pair of gloves (worn)
 m - a +0 cloak (worn)
Jewellery
 n - an amulet of faith
Scrolls
 a - a scroll of identify {unknown}
 d - a scroll of enchant weapon {unknown}
 e - 3 scrolls of torment {unknown}
 i - a scroll of magic mapping {unknown}
 k - a scroll of noise {unknown}
 l - 2 scrolls of teleportation {unknown}
 p - a scroll of fog {unknown}
 r - a scroll of summoning {unknown}
Potions
 h - a potion of flight
 o - a potion of attraction


   Skills:
 + Level 0.3 Fighting
 + Level 1.8 Dodging
 + Level 3.7 Stealth
 + Level 4.4 Spellcasting
 + Level 2.7 Conjurations
 + Level 1.0 Summonings
 + Level 1.0 Translocations
 * Level 1.6 Poison Magic


You had 3 spell levels left.
You knew the following spells:

 Your Spells              Type           Power      Damage    Failure   Level
a - Magic Dart            Conj           44%        1d5       6%          1
b - Mephitic Cloud        Conj/Pois/Air  7%         N/A       28%         3
c - Conjure Flame         Conj/Fire      7%         6-21      30%         3
d - Blink                 Tloc           N/A        N/A       17%         2

Your spell library contained the following spells:

 Spells                   Type           Power      Damage    Failure   Level
 Call Imp                 Summ           6%         N/A       17%         2
 Slow                     Hex            3%         N/A       26%         2


Dungeon Overview and Level Annotations

Branches:
Dungeon (4/15)
 Temple: D:4-7

Altars:


Innate Abilities, Weirdness & Mutations

Your serpentine skin is tough. (AC +1)
You have supernaturally acute eyesight. (SInv)
Armour fits poorly on your strangely shaped body.
Your system is resistant to poisons. (rPois)
You cover ground very slowly.
You can spit poison.
You have a snake-like lower body.


Message History

The splash of poison hits the ogre.
The ogre is poisoned.
The ogre is lightly wounded.
The ogre shouts!
You float gracefully downwards.
Casting: Blink (safe; 17% risk of failure)
Confirm with . or Enter, or press ? or * to list all spells.
The spell is quite dangerous to cast (28% risk of failure)!
Continue anyway?
Okay, then.
Unknown command.
Casting: Mephitic Cloud (quite dangerous; 28% risk of failure)
Confirm with . or Enter, or press ? or * to list all spells.
The spell is quite dangerous to cast (28% risk of failure)!
Continue anyway?
Aiming: Mephitic Cloud (quite dangerous; 28% risk of failure)
Press: ? - help, Shift-Dir - straight line, f/p - ogre
Aim: an ogre, wielding a +0 giant club (lightly wounded, poisoned, chance to affect: 77%)
You miscast Mephitic Cloud.
You are very lightly contaminated with residual magic.
Nothing appears to happen.
Casting: Mephitic Cloud (quite dangerous; 28% risk of failure)
Confirm with . or Enter, or press ? or * to list all spells.
The spell is quite dangerous to cast (28% risk of failure)!
Continue anyway?
Aiming: Mephitic Cloud (quite dangerous; 28% risk of failure)
Press: ? - help, Shift-Dir - straight line, f/p - ogre
Aim: an ogre, wielding a +0 giant club (moderately wounded, poisoned, chance to affect: 77%)
The ball explodes into a vile cloud!
The stinking cloud engulfs the ogre but does no damage.
The ogre is moderately wounded.
The stinking cloud engulfs you but does no damage.
You have got your breath back.
You hear a shout!
The ogre is engulfed in noxious fumes.
The ogre closely misses you.
Unknown command.
You barely miss the ogre.
The ogre is moderately wounded.
The ogre is engulfed in noxious fumes.
The ogre hits you with a +0 giant club!
You barely miss the ogre.
The ogre is moderately wounded.
The ogre looks more healthy.
The ogre misses you.
The ogre hits you with a +0 giant club!!
You die...

##########
.........#
.........#
.........# .#
...!...@°###...#
........O.......
.........####..#.
.......<.........
##############...


You could see an ogre.

Vanquished Creatures
  A centaur zombie (D:4)
  A centaur skeleton (D:4)
  Crazy Yiuf (D:2)
  A dart slug (D:1)
  2 worms (D:2)
  5 orcs (D:3)
  2 endoplasms (D:1)
  3 giant cockroaches
  6 goblins
  6 hobgoblins
  8 jackals
  5 quokkas
  5 ball pythons
  6 bats
  3 kobolds
  4 rats
59 creatures vanquished.

Notes
Turn   | Place    | Note
-------+----------+-------------------------------------------
     0 | D:1      | zazu2006 the Naga Hedge Wizard began the quest for the Orb.
     0 | D:1      | Reached XP level 1. HP: 15/15 MP: 4/4
   449 | D:1      | Reached XP level 2. HP: 13/22 MP: 0/6
  1326 | D:1      | Reached XP level 3. HP: 28/28 MP: 5/8
  1330 | D:1      | Learned a level 3 spell: Mephitic Cloud
  1334 | D:1      | Learned a level 3 spell: Conjure Flame
  1337 | D:1      | Learned a level 2 spell: Blink
  1822 | D:1      | Found a faded altar of an unknown god.
  2340 | D:2      | Found a runed translucent door.
  2341 | D:2      | Noticed Crazy Yiuf
  2911 | D:2      | Killed Crazy Yiuf
  2912 | D:2      | Reached skill level 4 in Spellcasting
  2912 | D:2      | Reached skill level 1 in Poison Magic
  2912 | D:2      | Reached XP level 4. HP: 36/36 MP: 1/10
  4284 | D:4      | Reached XP level 5. HP: 31/42 MP: 0/11
  4323 | D:4      | Noticed an ogre
  4380 | D:4      | Slain by an ogre

Illustrated notes

Levels and vault maps discovered:
D:1:      dpeg_arrival_tiny_h, layout_basic, shapermc_ecumenical_altar_petra
D:2:      layout_loops_cross, nrook_mini_vaults, uniq_crazy_yiuf_cottage
D:3:      layout_basic
D:4:      layout_basic, minmay_surrounded, uniq_edmund

Skill      XL: |  1  2  3 |
---------------+----------+-----
Conjurations   | 2 |  2.7
Spellcasting   | 4 |  4.4
Poison Magic   | 1 |  1.6
Fighting       | |  0.3
Dodging        | |  1.8
Stealth        | |  3.7
Summonings     | |  1.0
Translocations | |  1.0

Action                   |  1- 3 |  4- 6 || total
-------------------------+-------+-------++-------
Melee: Dagger            |    23 |    27 ||    50
 Cast: Magic Dart        |    91 |    38 ||   129
       Mephitic Cloud    |     1 |     1 ||     2
 Abil: Spit Poison       |    24 |     5 ||    29
  Use: Potion            |       |     4 ||     4
Armor: Robe              |     6 |    26 ||    32
Dodge: Dodged            |    31 |    30 ||    61

Table legend: (Time is in decaauts)
 A = Elapsed time spent in this place.
 B = Non-inter-level travel time spent in this place.
 C = Inter-level travel time spent in this place.
 D = Time resting spent in this place.
 E = Time spent auto-exploring this place.
 F = Levels seen in this place.
 G = Mean time per level.
                   A        B        C        D        E       F      G
               +--------+--------+--------+--------+--------+-----+--------+
         Total |   5319 |   5185 |    134 |    372 |   4405 |   4 | 1329.8 |
       Dungeon |   5319 |   5185 |    134 |    372 |   4405 |   4 | 1329.8 |
               +--------+--------+--------+--------+--------+-----+--------+

Top non-repeatable levels by time:
     D:1: 2173 daAuts
     D:3: 1631 daAuts
     D:2: 1424 daAuts
     D:4: 89 daAuts
